 Dungeon Crawl Stone Soup version 0.28.0-43-g3370ac3207 (webtiles) character file.

Game seed: 12876831641556009848

112 DrunkBamboolord the Digger (level 4, 0/24 HPs)
             Began as a Gargoyle Earth Elementalist on Mar 9, 2022.
             Killed from afar by a white imp (4 damage)
             ... with a puff of frost
             ... summoned by Natasha
             ... on level 2 of the Dungeon.
             The game lasted 00:06:42 (2243 turns).

DrunkBamboolord the Digger (GrEE)                   Turns: 2243, Time: 00:06:42

Health: 0/24       AC:  6    Str: 11    XL:     4   Next: 95%
Magic:  5/8        EV: 12    Int: 18    God:
Gold:   103        SH:  0    Dex: 10    Spells: 5/9 levels left

rFire   . . .      SeeInvis .   (no weapon)
rCold   . . .      Faith    .   (no shield)
rNeg    + . .      Spirit   .   b - +0 robe
rPois   ∞          Reflect  .   g - +0 helmet
rElec   +          Harm     .   (no cloak)
rCorr   .          Rampage  .   (no gloves)
Will    .....                   (no boots)
Stlth   ++........              (no amulet)
HPRegen 0.08/turn               (no ring)
MPRegen 0.11/turn               (no ring)

@: slowed, very slow
A: sickness immunity, AC +3, negative energy resistance 1, electricity
resistance, torment resistance 1, petrification resistance
a: no special abilities


You were on level 2 of the Dungeon.
You visited 1 branch of the dungeon, and saw 2 of its levels.

You collected 103 gold pieces.

Inventory:

Missiles
 c - 43 stones
Armour
 b - a +0 robe (worn)
 g - a +0 helmet (worn)
Jewellery
 e - a ring of fire
Scrolls
 h - 2 scrolls of vulnerability
Potions
 a - a potion of resistance {unknown}
 d - a potion of degeneration {unknown}
 f - 2 potions of curing {unknown}


   Skills:
 * Level 2.0 Dodging
 + Level 2.3 Stealth
 * Level 3.1 Spellcasting
 * Level 1.0 Conjurations
 + Level 0.7 Transmutations
 * Level 5.0 Earth Magic


You had 5 spell levels left.
You knew the following spells:

 Your Spells              Type           Power      Damage    Failure   Level
a - Sandblast             Erth           40%        2d10      1%          1
b - Stone Arrow           Conj/Erth      26%        3d8       14%         3

Your spell library contained the following spells:

 Spells                   Type           Power      Damage    Failure   Level
 Passwall                 Tmut/Erth      10%        N/A       8%          2
 Gell's Gravitas          Tloc           2%         N/A       43%         3
 Lesser Beckoning         Tloc           2%         N/A       43%         3
 Teleport Other           Tloc           2%         N/A       43%         3
 Petrify                  Tmut/Erth      13%        N/A       45%         4


Dungeon Overview and Level Annotations

Branches:
Dungeon (2/15)

Altars:
Hepliaklqana

Shops:
D:2 [

Annotations:
D:2 Natasha


Innate Abilities, Weirdness & Mutations

You are immune to sickness and miasma.
Your stone body is resilient. (AC +3)
You are immune to poison.
You resist negative energy. (rN+)
You are resistant to electric shocks. (rElec)
You are resistant to unholy torment.
You are immune to petrification.


Message History

You are very lightly contaminated with residual magic.
Strange energies run through your body.
Natasha hisses angrily.
Natasha casts a spell.
Attack: -) Nothing wielded
Press: ? - help, Dir - move target, f/p - Natasha
Aim: Natasha (about 55% to evade your hands)
Your weapon can't reach that far!
Okay, then.
Natasha stares at you and mumbles some strange words.
The magic dart hits you!
The white imp disappears for a moment.
There is an open door here.
Natasha stares at you and mumbles some strange words.
You feel yourself slow down.
You close the door.
You start resting.
Natasha, Servant of Life and Death opens the door.
Natasha stares at you and mumbles some strange words.
The magic dart hits you.
* * * LOW HITPOINT WARNING * * *
Your magical contamination has completely faded away.
Aiming: Sandblast (safe; 1% risk of failure)
Press: ? - help, Q - select action, (/) - cycle Shift-Dir - straight line, f/p - Natasha
Aim: Natasha (76% to hit)
The blast of sand hits Natasha.
Natasha is moderately wounded.
Natasha stares at you and mumbles some strange words.
The magic dart hits you.
* * * LOW HITPOINT WARNING * * *
Natasha barely misses you.
Aiming: Sandblast (safe; 1% risk of failure)
Press: ? - help, Q - select action, (/) - cycle Shift-Dir - straight line, f/p - Natasha
Aim: Natasha (moderately wounded, 76% to hit)
The blast of sand misses Natasha.
The white imp shouts, "Fly, thou pecksniffian full-gorged toady!"
Natasha closely misses you. Natasha claws you but does no damage.
The white imp gestures at you. The puff of frost hits you.
You die...

########### ####### #..........
###.....########## #..........
....###..........######..........
...>..)..........'...............
....###..........######..........
..#............h5# #..........
..#.####.........# #..........
....# #........@# #........^.
#.#.# #.....#...### #..........
..#.# #....#.#....# #####......
###.####...#...#...# #......
........###..∩..#..# #......
........#..#...#...# #......
........#...#.#....##########..##
........'....#.............).....
........######.....###########.##


You could see Natasha and a white imp (summoned).

Vanquished Creatures
  Natasha (D:2)
  3 adders (D:2)
  A worm (D:2)
  2 dart slugs (D:1)
  7 bats
  4 endoplasms
  2 giant cockroaches
  2 goblins (D:2)
  6 hobgoblins
  2 jackals (D:1)
  6 kobolds
  3 quokkas (D:1)
  7 ball pythons
  2 frilled lizards (D:2)
  7 rats
55 creatures vanquished.

Notes
Turn   | Place    | Note
-------+----------+-------------------------------------------
     0 | D:1      | DrunkBamboolord the Gargoyle Earth Elementalist began the
                  | quest for the Orb.
     0 | D:1      | Reached XP level 1. HP: 10/10 MP: 3/3
   316 | D:1      | Reached skill level 4 in Earth Magic
   316 | D:1      | Reached XP level 2. HP: 15/15 MP: 1/5
   621 | D:1      | Reached XP level 3. HP: 19/19 MP: 4/6
  1140 | D:2      | Found Caezuqeg's Antique Armour Emporium.
  1324 | D:2      | Found a hazy altar of Hepliaklqana.
  1593 | D:2      | Reached XP level 4. HP: 24/24 MP: 5/8
  1792 | D:2      | Noticed Natasha
  1798 | D:2      | Killed Natasha
  1799 | D:2      | Reached skill level 1 in Conjurations
  1799 | D:2      | Reached skill level 5 in Earth Magic
  1809 | D:2      | Learned a level 3 spell: Stone Arrow
  2226 | D:2      | Noticed Natasha
  2243 | D:2      | Killed from afar by a white imp

Illustrated notes

Levels and vault maps discovered:
D:1:      co_arrival_square_in_a_square_in_a_square, layout_basic
D:2:      layout_basic, serial_shops, nicolae_diamond_shop, basic_altar,
          grunt_ministairs_14, uniq_natasha

Skill      XL: |  1  2  3  4 |
---------------+-------------+-----
Earth Magic    | 4 5 |  5.0
Dodging        | 2 |  2.0
Spellcasting   | 3 |  3.1
Conjurations   | 1 |  1.0
Stealth        | |  2.3
Transmutations | |  0.7

Action                   |  1- 3 |  4- 6 || total
-------------------------+-------+-------++-------
Melee: Unarmed           |    15 |    11 ||    26
       Punch             |     1 |     1 ||     2
 Cast: Sandblast         |    53 |    17 ||    70
  Use: Scroll            |     4 |       ||     4
 Stab: Sleeping          |     1 |       ||     1
Armor: Robe              |    10 |     3 ||    13
Dodge: Dodged            |    11 |     7 ||    18
